 Dungeon Crawl Stone Soup version 0.29-a0-998-g1987434951 (webtiles) character file.

Game seed: 4608571783437200070

41 Sobieck the Shooter (level 3, -5/32 HPs)
             Began as a Naga Hunter on Aug 5, 2022.
             Slain by an iguana (13 damage)
             ... on level 3 of the Dungeon.
             The game lasted 00:02:03 (1959 turns).

Sobieck the Shooter (Naga Hunter)                   Turns: 1959, Time: 00:02:04

Health: -5/32      AC:  2    Str: 13    XL:     3   Next: 52%
Magic:  3/3        EV:  9    Int:  9    God:
Gold:   81         SH:  0    Dex: 16    Spells: 2/2 levels left

rFire   . . .      SeeInvis +   a - +0 shortbow {bow}
rCold   . . .      Faith    .   (shield currently unavailable)
rNeg    . . .      Spirit   .   c - +0 leather armour
rPois   +          Reflect  .   (no helmet)
rElec   .          Harm     .   (no cloak)
rCorr   .          Rampage  .   (no gloves)
Will    .....                   (no barding)
Stlth   ++........              (no amulet)
HPRegen 0.10/turn               (no ring)
MPRegen 0.08/turn               (no ring)

@: very slow
A: AC +1, large, see invisible, deformed body, poison resistance, slowness 2,
spit poison 1, naga tail 1
a: Spit Poison


You were on level 3 of the Dungeon.
You visited 1 branch of the dungeon, and saw 3 of its levels.

You collected 81 gold pieces.


Innate Abilities, Weirdness & Mutations

Your serpentine skin is tough. (AC +1)
You have supernaturally acute eyesight. (SInv)
Armour fits poorly on your strangely shaped body.
Your system is resistant to poisons. (rPois)
You cover ground very slowly.
You can spit poison.
You have a snake-like lower body.


   Skills:
 - Level 2.0 Fighting
 + Level 4.7 Ranged Weapons
 - Level 1.5 Dodging
 - Level 1.5 Stealth


You had 2 spell levels left.
You didn't know any spells.
Your spell library contained the following spells:

 Spells                   Type           Power      Damage    Failure   Level
 Sandblast                Erth           0%         2d4       45%         1
 Passwall                 Tmut/Erth      0%         N/A       61%         2
 Stone Arrow              Conj/Erth      0%         3d7       83%         3
 Animate Dead             Necr           0%         N/A       99%         4
 Haunt                    Necr/Summ      0%         N/A       100%        7
 Infestation              Necr           0%         N/A       100%        8

Inventory:

Hand Weapons
 a - a +0 shortbow (weapon) {bow}
 b - a +2 whip of electrocution {mace}
   (You took it off a kobold on level 1 of the Dungeon)
Missiles
 f - 15 stones {throwing}
 q - 5 boomerangs {throwing}
Armour
 c - a +0 leather armour (worn)
 k - a +0 ring mail
   (You found it on level 2 of the Dungeon)
Scrolls
 d - 3 scrolls of identify {unknown}
 g - 3 scrolls of teleportation {unknown}
 h - 3 scrolls of immolation {!r!r}
 i - 4 scrolls of noise {unknown}
 j - a scroll of poison {unknown}
 l - a scroll of fear {unknown}
 r - a scroll of acquirement {unknown}
 s - a scroll of vulnerability {unknown}
Potions
 e - a potion of curing {unknown}
 m - a potion of lignification {unknown}
 n - a potion of resistance {unknown}
 o - 2 potions of attraction {unknown}
 p - a potion of heal wounds {unknown}

Dungeon Overview and Level Annotations

Branches:
Dungeon (3/15) Zot: 15554

Altars:

Shops:
D:1

? .....# .#
##...####..#.
##............
#.............
##.....# #.
#......#
#.#..<...#
#......##
##..@###
#...l...#
........##.#
####....( #
#...#. #... ..
..## ## ...


You could see an iguana.


Message History

The goblin barely misses you.
You shoot an arrow. The arrow closely misses the goblin.
The goblin hits you with a +0 dagger.
You shoot an arrow. The arrow hits the goblin.
The goblin hits you with a +0 dagger. x2
You are too injured to fight recklessly!
You are too injured to fight recklessly!
You are too injured to fight recklessly!
Unknown command.
Fire: a) +0 shortbow {bow}
Press: ? - help, Q - select action, (/) - cycle Shift-Dir - straight line, f/p - goblin
Aim: a goblin, wielding a +0 dagger (moderately wounded, 56% to hit)
You shoot an arrow. The arrow closely misses the goblin.
The goblin hits you with a +0 dagger.
Fire: a) +0 shortbow {bow}
Press: ? - help, Q - select action, (/) - cycle Shift-Dir - straight line, f/p - goblin
Aim: a goblin, wielding a +0 dagger (moderately wounded, 56% to hit)
You shoot an arrow. The arrow hits the goblin.
The goblin hits you with a +0 dagger.
Fire: a) +0 shortbow {bow}
Press: ? - help, Q - select action, (/) - cycle Shift-Dir - straight line, f/p - goblin
Aim: a goblin, wielding a +0 dagger (severely wounded, 56% to hit)
You shoot an arrow. The arrow barely misses the goblin.
The goblin hits you with a +0 dagger.
Fire: a) +0 shortbow {bow}
Press: ? - help, Q - select action, (/) - cycle Shift-Dir - straight line, f/p - goblin
Aim: a goblin, wielding a +0 dagger (severely wounded, 56% to hit)
You shoot an arrow. The arrow barely misses the goblin.
The goblin hits you but does no damage. x2
Fire: a) +0 shortbow {bow}
Press: ? - help, Q - select action, (/) - cycle Shift-Dir - straight line, f/p - goblin
Aim: a goblin, wielding a +0 dagger (severely wounded, 56% to hit)
You shoot an arrow. The arrow closely misses the goblin.
The goblin barely misses you.
Fire: a) +0 shortbow {bow}
Press: ? - help, Q - select action, (/) - cycle Shift-Dir - straight line, f/p - goblin
Aim: a goblin, wielding a +0 dagger (severely wounded, 56% to hit)
You shoot an arrow. The arrow barely misses the goblin.
The goblin hits you but does no damage. x2
Fire: a) +0 shortbow {bow}
Press: ? - help, Q - select action, (/) - cycle Shift-Dir - straight line, f/p - goblin
Aim: a goblin, wielding a +0 dagger (severely wounded, 56% to hit)
You shoot an arrow. The arrow hits the goblin.
You kill the goblin!
Fire: a) +0 shortbow {bow}
Press: ? - help, Q - select action, (/) - cycle Shift-Dir - straight line, f - you
Okay, then.
Things that are here:
a +0 dagger {short}; a goblin corpse
q - 5 boomerangs {throwing}
Things that are here:
a +0 dagger {short}; a goblin corpse
r - a scroll labelled NYARISHR MOCEEF Unknown command.
s - a scroll labelled ITSINITWYUGE Unknown command.
There is a stone staircase leading up here.
Done exploring.
Done exploring.
There is a stone staircase leading up here.
There is a stone staircase leading down here.
You climb downwards.
There is a stone staircase leading up here.
Unknown command.
You now have 69 gold pieces (gained 4).
You now have 81 gold pieces (gained 12).
An iguana comes into view.
The iguana hisses angrily.
Danger!
You shoot an arrow. The arrow hits the iguana.
You shoot an arrow. The arrow closely misses the iguana.
You shoot an arrow.
The arrow hits the iguana but does no damage.
The iguana bites you! x2
* * * LOW HITPOINT WARNING * * *
You are too injured to fight recklessly!
Unknown command.
Fire: a) +0 shortbow {bow}
Press: ? - help, Q - select action, (/) - cycle Shift-Dir - straight line, f/p - iguana
Aim: an iguana (66% to hit)
You shoot an arrow. The arrow closely misses the iguana.
The iguana bites you.
* * * LOW HITPOINT WARNING * * *
Fire: a) +0 shortbow {bow}
Press: ? - help, Q - select action, (/) - cycle Shift-Dir - straight line, f/p - iguana
Aim: an iguana (66% to hit)
You shoot an arrow. The arrow closely misses the iguana.
The iguana bites you.
* * * LOW HITPOINT WARNING * * *
Fire: a) +0 shortbow {bow}
Press: ? - help, Q - select action, (/) - cycle Shift-Dir - straight line, f/p - iguana
Aim: an iguana (66% to hit)
You shoot an arrow. The arrow completely misses the iguana.
The iguana misses you. The iguana barely misses you.
Fire: a) +0 shortbow {bow}
Press: ? - help, Q - select action, (/) - cycle Shift-Dir - straight line, f/p - iguana
Aim: an iguana (66% to hit)
You shoot an arrow. The arrow hits the iguana.
The iguana bites you!
You die...

Skill      XL: |  1 |
---------------+----+-----
Ranged Weapons | 4 |  4.7
Fighting       | |  2.0
Dodging        | |  1.5
Stealth        | |  1.5

Action                   || total
-------------------------++-------
 Fire: Shortbow          ||   107
 Abil: Spit Poison       ||     1
Armor: Leather armour    ||    11
Dodge: Dodged            ||    22

Levels and vault maps discovered:
D:1:      sevenhm_arrival_forest_fort_large_3, layout_basic, serial_shops,
          shop_fountains, shapermc_ecumenical_altar_mp_vishouse,
          minmay_pentomino_q2
D:2:      layout_rooms
D:3:      layout_loops_ring

Notes
Turn   | Place    | Note
-------+----------+-------------------------------------------
     0 | D:1      | Sobieck the Naga Hunter began the quest for the Orb.
     0 | D:1      | Reached XP level 1. HP: 19/19 MP: 1/1
   135 | D:1      | Reached skill level 4 in Ranged Weapons
   135 | D:1      | Reached XP level 2. HP: 26/26 MP: 2/2
   406 | D:1      | Found Lecahoc's Magic Scroll Emporium.
   518 | D:1      | You pick up a book of Geomancy and begin reading...
   518 | D:1      | You add the spells Sandblast, Passwall and Stone Arrow to
                  | your library.
   543 | D:1      | HP: 1/26 [kobold/+2 whip of electrocution (17)]
  1156 | D:1      | Reached XP level 3. HP: 32/32 MP: 3/3
  1172 | D:1      | Found a faded altar of an unknown god.
  1429 | D:2      | You pick up a book of Death and begin reading...
  1429 | D:2      | You add the spells Animate Dead, Haunt and Infestation to
                  | your library.
  1956 | D:3      | HP: 8/32 [iguana (4)]
  1959 | D:3      | Slain by an iguana

Vanquished Creatures
  A worm (D:2)
  5 endoplasms
  2 giant cockroaches
  3 goblins
  4 hobgoblins
  2 quokkas (D:1)
  4 ball pythons
  4 bats
  A frilled lizard (D:1)
  5 kobolds
  6 rats
37 creatures vanquished.

Table legend:
 A = Non-vault XP
 B = Vault XP
 C = Vault XP percentage of total XP
 D = Non-vault monster count
 E = Vault monster count
 F = Vault count percentage of total count
                 A         B        C        D         E       F
            +---------+---------+-------+---------+---------+-------
      Total |      56 |       3 |   5.1 |      35 |       2 |   5.4
            +---------+---------+-------+---------+---------+-------
        D:1 |      33 |       3 |   8.3 |      21 |       2 |   8.7
        D:2 |      23 |       0 |   0.0 |      14 |       0 |   0.0
            +---------+---------+-------+---------+---------+-------

Illustrated notes

Table legend:
 A = Kills in this place as a percentage of kills in entire the game.
 B = Kills by you in this place as a percentage of kills by you in the entire game.
 C = Kills by friends in this place as a percentage of kills by friends in the entire game.
 D = Other kills in this place as a percentage of other kills in the entire game.
 E = Experience gained in this place as a percentage of experience gained in the entire game.
 F = Experience gained in this place divided by the number of levels of this place that you have seen.
                   A       B       C       D       E      F
               +-------+-------+-------+-------+-------+----------------------
         Total | 100.0 | 100.0 |   N/A |   N/A | 100.0 |  19.7
       Dungeon | 100.0 | 100.0 |   N/A |   N/A | 100.0 |  19.7
               +-------+-------+-------+-------+-------+----------------------

Table legend: (Time is in decaauts)
 A = Elapsed time spent in this place.
 B = Non-inter-level travel time spent in this place.
 C = Inter-level travel time spent in this place.
 D = Time resting spent in this place.
 E = Time spent auto-exploring this place.
 F = Levels seen in this place.
 G = Mean time per level.
                   A        B        C        D        E       F      G
               +--------+--------+--------+--------+--------+-----+--------+
         Total |   2444 |   2367 |     77 |      0 |   2162 |   3 |  814.7 |
       Dungeon |   2444 |   2367 |     77 |      0 |   2162 |   3 |  814.7 |
               +--------+--------+--------+--------+--------+-----+--------+

Top non-repeatable levels by time:
     D:1: 1507 daAuts
     D:2: 914 daAuts
     D:3: 22 daAuts
